 Dungeon Crawl Stone Soup version 0.29.1-15-g9cfb28693d (webtiles) character file.

Game seed: 17279201298328892093

1113 jtron the Skirmisher (level 8, -9/71 HPs)
             Began as a Gnoll Wanderer on Mar 2, 2023.
             Mangled by a gnoll sergeant
             ... wielding the +3 woodcutter's axe {vorpal}
              (17 damage)
             ... on level 5 of the Dungeon.
             The game lasted 00:14:05 (5029 turns).

jtron the Skirmisher (Gnoll Wanderer)               Turns: 5029, Time: 00:14:06

Health: -9/71      AC:  8    Str: 12    XL:     8   Next: 33%
Magic:  12/12      EV: 11    Int:  9    God:
Gold:   249        SH: 10    Dex: 16    Spells: 13/13 levels left

rFire   + . .      SeeInvis +   b - +1 dagger (speed)
rCold   + . .      Faith    .   g - +0 buckler
rNeg    . . .      Spirit   .   G - +2 ring mail {rC+}
rPois   .          Reflect  +   (no helmet)
rElec   .          Harm     .   (no cloak)
rCorr   .          Rampage  .   (no gloves)
Will    .....                   x - +0 pair of boots
Stlth   ++........              H - amulet of reflection
HPRegen 0.21/turn               r - ring of see invisible
MPRegen 0.13/turn               D - ring of protection from fire

@: no status effects
A: fangs 1, strong nose, distributed training
a: no special abilities


You were on level 5 of the Dungeon.
You visited 1 branch of the dungeon, and saw 6 of its levels.

You collected 249 gold pieces.

Inventory:

Hand Weapons
 a - a +2 sling
 b - a +1 dagger of speed (weapon)
 m - a +2 trident of freezing
Missiles
 e - 8 poisoned darts
 t - 3 javelins
 u - a throwing net
Armour
 c - a +0 pair of boots
 g - a +0 buckler (worn)
 x - a +0 pair of boots (worn)
 G - a +2 ring mail of cold resistance (worn)
Jewellery
 n - a ring of protection from cold
 r - a ring of see invisible (left hand)
 D - a ring of protection from fire (right hand)
 H - an amulet of reflection (around neck)
Scrolls
 h - a scroll of enchant armour {unknown}
 i - a scroll of blinking {unknown}
 j - a scroll of summoning
 l - 2 scrolls of amnesia {unknown}
 p - a scroll of immolation {unknown}
 q - a scroll of poison {unknown}
 s - 2 scrolls of fear
 w - a scroll of silence {unknown}
 y - 4 scrolls of teleportation
 z - 2 scrolls of vulnerability
 E - 2 scrolls of magic mapping {unknown}
 I - 3 scrolls of enchant weapon {unknown}
Potions
 f - a potion of brilliance {unknown}
 k - 4 potions of attraction
 o - 3 potions of curing
 v - 3 potions of ambrosia
 A - a potion of cancellation {unknown}
 B - a potion of flight
 C - a potion of magic {unknown}
 F - 4 potions of mutation


   Skills:
 + Level 9.2 Fighting
 + Level 3.3 Short Blades
 + Level 3.3 Long Blades
 + Level 3.3 Axes
 + Level 3.3 Maces & Flails
 + Level 3.3 Polearms
 + Level 3.3 Staves
 + Level 10.9 Ranged Weapons
 + Level 3.3 Throwing
 + Level 3.3 Armour
 + Level 3.3 Dodging
 + Level 4.1 Stealth
 + Level 3.3 Shields
 + Level 3.3 Unarmed Combat
 + Level 3.3 Spellcasting
 + Level 2.7 Conjurations
 + Level 2.7 Hexes
 + Level 2.7 Summonings
 + Level 2.7 Necromancy
 + Level 2.7 Translocations
 + Level 2.7 Transmutations
 + Level 2.7 Fire Magic
 + Level 2.7 Ice Magic
 + Level 2.7 Air Magic
 + Level 2.7 Earth Magic
 + Level 2.7 Poison Magic
 + Level 3.6 Invocations
 + Level 3.3 Evocations


You had 13 spell levels left.
You didn't know any spells.
Your spell library was empty.

Dungeon Overview and Level Annotations

Branches:
Dungeon (6/15)
 Temple: D:4-7

Altars:
Dithmenos
Nemelex Xobeh
Qazlal
Sif Muna
Xom
The Shining One

Shops:
D:5 =


Innate Abilities, Weirdness & Mutations

You have very sharp teeth.
Your uncanny sense of smell can sniff out nearby items.
Your experience applies equally to all skills.


Message History

You are too injured to fight recklessly!
You are too injured to fight recklessly!
You are too injured to fight recklessly!
You are too injured to fight recklessly!
Your hands tingle!
b - a +1 dagger of speed (weapon)
You hit the gnoll sergeant but do no damage.
The gnoll sergeant is moderately wounded.
You block the gnoll sergeant's attack.
You hit the gnoll sergeant but do no damage.
You bite the gnoll sergeant, but do no damage.
The gnoll sergeant is moderately wounded.
You hit the gnoll sergeant but do no damage.
The gnoll sergeant is moderately wounded.
The gnoll sergeant hits you with the +3 woodcutter's axe {vorpal}.
You hit the gnoll sergeant.
The gnoll sergeant is moderately wounded.
The gnoll sergeant barely misses you.
You hit the gnoll sergeant but do no damage.
The gnoll sergeant is moderately wounded.
You hit the gnoll sergeant but do no damage.
The gnoll sergeant is moderately wounded.
You block the gnoll sergeant's attack.
You barely miss the gnoll sergeant.
You bite the gnoll sergeant, but do no damage.
The gnoll sergeant is moderately wounded.
You hit the gnoll sergeant but do no damage.
The gnoll sergeant is moderately wounded.
You block the gnoll sergeant's attack.
You barely miss the gnoll sergeant.
The gnoll sergeant is moderately wounded.
The gnoll sergeant hits you with the +3 woodcutter's axe {vorpal}!
* * * LOW HITPOINT WARNING * * *
x2 You hit the gnoll sergeant but do no damage.
You bite the gnoll sergeant.
The gnoll sergeant is heavily wounded.
You hit the gnoll sergeant.
The gnoll sergeant is heavily wounded.
The gnoll sergeant hits you with the +3 woodcutter's axe {vorpal}!
You die...

#...####.#....(..........#
#...# #...........#######
#...# ##..........# #...#
#..........# #####
#.......<..# #..........#
##........## #..g.......#
#..@.......# #..........#
#..........# #..........#
##........## ##......##
########


You could see a gnoll sergeant.

Vanquished Creatures
  A water moccasin (D:6)
  A black bear (D:5)
  2 gnoll sergeants (D:6)
  2 scorpions
  A necrophage (D:4)
  A howler monkey (D:6)
  2 orc priests
  A gnoll bouda (D:6)
  3 hounds
  A jelly (D:5)
  2 iguanas
  2 orc wizards
  4 gnolls
  10 adders
  2 shadow imps (D:6)
  A white imp (D:6)
  A worm (D:5)
  2 dart slugs
  12 orcs
  2 ball pythons
  9 endoplasms
  2 giant cockroaches (D:4)
  7 goblins
  9 hobgoblins
  2 quokkas
  7 bats
  3 frilled lizards
  8 kobolds
  5 rats (D:1)
105 creatures vanquished.

Vanquished Creatures (collateral kills)
  An orc priest (D:6)
  2 orcs (D:6)
3 creatures vanquished.

Vanquished Creatures (others)
  3 plants (D:2)
3 creatures vanquished.

Grand Total: 111 creatures vanquished

Notes
Turn   | Place    | Note
-------+----------+-------------------------------------------
     0 | D:1      | Reached skill level 10 in Ranged Weapons
     0 | D:1      | jtron the Gnoll Wanderer began the quest for the Orb.
     0 | D:1      | jtron set off with the following items: a +2 sling, a
                  | scroll of teleportation, a +0 pair of boots, a potion of
                  | heal wounds, a +0 leather armour.
     0 | D:1      | Reached XP level 1. HP: 26/26 MP: 1/1
    85 | D:1      | Reached XP level 2. HP: 33/33 MP: 2/2
   580 | D:1      | Reached XP level 3. HP: 38/38 MP: 2/4
   926 | D:2      | Reached skill level 1 in Invocations
   957 | D:2      | Reached skill level 1 in Short Blades
   957 | D:2      | Reached skill level 1 in Long Blades
   957 | D:2      | Reached skill level 1 in Axes
   957 | D:2      | Reached skill level 1 in Maces & Flails
   957 | D:2      | Reached skill level 1 in Polearms
   957 | D:2      | Reached skill level 1 in Staves
   957 | D:2      | Reached skill level 1 in Throwing
   957 | D:2      | Reached skill level 1 in Armour
   957 | D:2      | Reached skill level 1 in Dodging
   957 | D:2      | Reached skill level 1 in Shields
   957 | D:2      | Reached skill level 1 in Unarmed Combat
   957 | D:2      | Reached skill level 1 in Spellcasting
   957 | D:2      | Reached skill level 1 in Evocations
  1206 | D:2      | Found a faded altar of an unknown god.
  1225 | D:2      | Reached XP level 4. HP: 45/45 MP: 5/5
  1390 | D:3      | Reached skill level 1 in Conjurations
  1390 | D:3      | Reached skill level 1 in Hexes
  1390 | D:3      | Reached skill level 1 in Summonings
  1390 | D:3      | Reached skill level 1 in Necromancy
  1390 | D:3      | Reached skill level 1 in Translocations
  1390 | D:3      | Reached skill level 1 in Transmutations
  1390 | D:3      | Reached skill level 1 in Fire Magic
  1390 | D:3      | Reached skill level 1 in Ice Magic
  1390 | D:3      | Reached skill level 1 in Air Magic
  1390 | D:3      | Reached skill level 1 in Earth Magic
  1390 | D:3      | Reached skill level 1 in Poison Magic
  1404 | D:3      | Reached XP level 5. HP: 36/51 MP: 5/7
  1742 | D:3      | You fall into a shaft and drop 3 floors!
  1765 | D:5      | Entered Level 5 of the Dungeon
  2008 | D:3      | Found a shimmering blue altar of Sif Muna.
  2237 | D:3      | Found a sparkling altar of Nemelex Xobeh.
  2657 | D:4      | Found a glowing golden altar of the Shining One.
  2688 | D:4      | Reached XP level 6. HP: 57/57 MP: 8/8
  2848 | D:4      | Found a shadowy altar of Dithmenos.
  2882 | D:4      | Found a shimmering altar of Xom.
  3485 | D:5      | Reached XP level 7. HP: 63/63 MP: 10/10
  3687 | D:5      | Found Xirib's Jewellery Boutique.
  4218 | D:6      | Reached XP level 8. HP: 71/71 MP: 12/12
  4528 | D:6      | Found a stormy altar of Qazlal.
  5029 | D:5      | Mangled by a gnoll sergeant

Illustrated notes

Levels and vault maps discovered:
D:1:      dpeg_arrival_short_road, layout_loops_corners, minmay_tromino_v4_a
D:2:      layout_rooms, shapermc_ecumenical_altar_mp_ritualfount
D:3:      layout_loops_ring, mainiacjoe_overflow_surrounded_room,
          nemelex_diamond_rough_becter, minmay_misc_feat_room,
          minmay_stone_trees_medium, kennysheep_potato
D:4:      layout_gridville, mainiacjoe_overflow_alcove_1,
          nicolae_tso_carved_into_rock, xom_teletrap_fun
D:5:      layout_rooms, serial_shops, shop, serial_glass, glass_columns_a,
          glass_columns_b
D:6:      layout_cave_pools, grunt_qazlal_sundering,
          pf_guarded_unrand_woodcutter

Skill      XL: |  1  2  3  4  5  6  7  8 |
---------------+-------------------------+-----
Ranged Weapons | | 10.9
Invocations    | 1 2 3 |  3.6
Short Blades   | 1 2 3 |  3.3
Long Blades    | 1 2 3 |  3.3
Axes           | 1 2 3 |  3.3
Maces & Flails | 1 2 3 |  3.3
Polearms       | 1 2 3 |  3.3
Staves         | 1 2 3 |  3.3
Throwing       | 1 2 3 |  3.3
Armour         | 1 2 3 |  3.3
Dodging        | 1 2 3 |  3.3
Shields        | 1 2 3 |  3.3
Unarmed Combat | 1 2 3 |  3.3
Spellcasting   | 1 2 3 |  3.3
Evocations     | 1 2 3 |  3.3
Conjurations   | 1 2 |  2.7
Hexes          | 1 2 |  2.7
Summonings     | 1 2 |  2.7
Necromancy     | 1 2 |  2.7
Translocations | 1 2 |  2.7
Transmutations | 1 2 |  2.7
Fire Magic     | 1 2 |  2.7
Ice Magic      | 1 2 |  2.7
Air Magic      | 1 2 |  2.7
Earth Magic    | 1 2 |  2.7
Poison Magic   | 1 2 |  2.7
Stealth        | 3 4 |  4.1
Fighting       | 9 |  9.2

Action                   |  1- 3 |  4- 6 |  7- 9 || total
-------------------------+-------+-------+-------++-------
Melee: Dagger            |       |    19 |    30 ||    49
       Bite              |       |       |     7 ||     7
 Fire: Sling             |    87 |   132 |   141 ||   360
  Use: Potion            |       |     2 |     5 ||     7
       Scroll            |       |     7 |     2 ||     9
 Stab: Sleeping          |       |     2 |       ||     2
Armor: Leather armour    |     8 |     7 |       ||    15
       Ring mail         |       |     4 |    28 ||    32
Dodge: Dodged            |     4 |    25 |    47 ||    76
Block: Buckler           |     2 |    10 |    61 ||    73
       Reflection        |       |       |     6 ||     6
